 Dungeon Crawl Stone Soup version 0.29-a0-322-g68df515428 (webtiles) character file.

Game seed: 4540945699469008892

1379 rabbitsville the Ruffian (level 8, -1/69 (78) HPs)
             Began as a Troll Gladiator on Apr 6, 2022.
             Was an Initiate of Dithmenos.
             Slain by a wight
             ... wielding a +3 morningstar
              (5 damage)
             ... on level 7 of the Dungeon.
             The game lasted 00:20:04 (4442 turns).

rabbitsville the Ruffian (Troll Gladiator)          Turns: 4442, Time: 00:20:05

HP:   -1/69 (78)    AC:  4    Str: 25    XL:     8   Next: 39%
MP:   7/7           EV: 11    Int:  4    God:    Dithmenos [......]
Gold: 325           SH:  5    Dex: 23    Spells: 7/7 levels left

rFire   . . .      SeeInvis .     - Unarmed
rCold   . . .      Faith    .   (no shield)
rNeg    . . .      Spirit   .   a - +0 robe
rPois   .          Reflect  +   b - +0 hat
rElec   .          Harm     .   (no cloak)
rCorr   .          Rampage  .   (gloves unavailable)
Will    .....                   (boots unavailable)
Stlth   ++........              E - amulet of reflection
HPRegen 1.01/turn               q - +6 ring of dexterity
MPRegen 0.10/turn               B - +6 ring of dexterity

@: heavily drained
A: large, unfitting armour, claws 3, regeneration 1, shaggy fur 1, tough skin 1
a: Renounce Religion


You were on level 7 of the Dungeon.
You worshipped Dithmenos.
Dithmenos was noncommittal.
You visited 2 branches of the dungeon, and saw 8 of its levels.

You collected 325 gold pieces.

Inventory:

Hand Weapons
 s - a +0 dagger of flaming
Missiles
 c - 3 throwing nets
 d - 9 large rocks
 i - 3 boomerangs (quivered)
 y - 2 javelins
 J - 4 poisoned darts
Armour
 a - a +0 robe (worn)
 b - a +0 hat (worn)
Jewellery
 q - a +6 ring of dexterity (left claw)
 B - a +6 ring of dexterity (right claw)
 C - the amulet of the Turtle {RegenMP rF+ rC- Dex+2}
   (You found it on level 5 of the Dungeon)

   [amulet of magic regeneration]

   It increases your rate of magic regeneration.
   Dex:       It affects your dexterity (+2).
   rF:        It protects you from fire.
   rC:        It makes you vulnerable to cold.
 E - an amulet of reflection (around neck)
Wands
 r - a wand of charming (1)
 t - a wand of flame (45)
Scrolls
 f - 16 scrolls of identify {unknown}
 g - 2 scrolls of vulnerability {unknown}
 j - 2 scrolls of blinking {unknown}
 k - 2 scrolls of teleportation {unknown}
 u - 2 scrolls of acquirement {unknown}
 v - 2 scrolls of brand weapon {unknown}
 w - 3 scrolls of summoning {unknown}
 x - a scroll of magic mapping {unknown}
 F - a scroll of immolation {unknown}
 G - a scroll of amnesia {unknown}
 H - 2 scrolls of fog {unknown}
Potions
 e - 2 potions of heal wounds {unknown}
 h - a potion of degeneration {unknown}
 l - a potion of might {unknown}
 m - a potion of lignification {unknown}
 n - a potion of mutation {unknown}
 o - 3 potions of curing {unknown}
 p - a potion of haste
 z - 2 potions of magic {unknown}
 A - a potion of cancellation {unknown}
 D - a potion of attraction {unknown}
 I - a potion of invisibility {unknown}


   Skills:
 + Level 4.1 Fighting
 * Level 6.2 Throwing
 - Level 2.4 Dodging
 * Level 7.2 Unarmed Combat


You had 7 spell levels left.
You didn't know any spells.
Your spell library contained the following spells:

 Spells                   Type           Power      Damage    Failure   Level
 Pain                     Necr           0%         1d4       50%         1
 Sting                    Tmut/Pois      0%         1d3       50%         1
 Poisonous Vapours        Pois/Air       0%         N/A       65%         2
 Olgreb's Toxic Radiance  Pois           0%         N/A       99%         4
 Agony                    Necr           0%         N/A       100%        5
 Excruciating Wounds      Necr           0%         N/A       100%        5


Dungeon Overview and Level Annotations

Branches:
Dungeon (7/15)             Temple (1/1) D:6

Altars:
Ashenzari
Cheibriados
Dithmenos
Fedhas
Gozag
Hepliaklqana
Kikubaaqudgha
Makhleb
Nemelex Xobeh
Okawaru
Ru
Sif Muna
Trog
Uskayaw
Vehumet
Wu Jian
Xom
Yredelemnul
Zin
The Shining One


Innate Abilities, Weirdness & Mutations

You are too large for most types of armour.
You have claws for hands.
Your natural rate of healing is unusually fast.
You are covered in fur. (AC +1)
You have tough skin. (AC +1)


Message History

No target in view!
J - 4 poisoned darts
Things that are here:
a +1 dagger of venom; a kobold corpse
Things that are here:
a +0 whip; 4 stones You open the door. 5 wights come into view.
Found a leather armour and 19 gold pieces.
Found a metallic puce potion.
The wight closely misses you.
There is an open door here.
The wight attacks as you move away! The wight hits you with a +0 scimitar!
You barely miss the wight. You block the wight's attack.
You scratch the wight.
The wight is moderately damaged.
The wight hits you with a +0 scimitar.
You scratch the wight.
The wight is moderately damaged.
You barely miss the wight.
The wight is moderately damaged.
The wight hits you with a +0 scimitar.
You feel drained.
You scratch the wight but do no damage.
The wight is moderately damaged.
The wight barely misses you.
The wight hits you with a +5 great sword!
The wight hits you with a +1 scimitar!
You feel drained.
The wight hits you with a +3 morningstar!
You feel drained. The wight barely misses you.
There is an open door, spattered with blood here.
You closely miss the wight.
The wight is moderately damaged.
The wight barely misses you. x2; The wight hits you with a +1 scimitar!
You feel drained.
* * * LOW HITPOINT WARNING * * *
The wight hits you with a +0 scimitar.
* * * LOW HITPOINT WARNING * * *
The wight hits you with a +3 morningstar!
* * * LOW HITPOINT WARNING * * *
You feel drained.
You die...

. .. ... ##### ..##+
#...# ##...###...#
#...z#.....#
#...z@.....#
#.[.z#z....#
#$.z.#.....#
#....#.....# ....
#..!.#.....# ....
#....#.....+ .....
##..###..#########...#
######..####...##...#
#................#


You could see 5 wights.

Vanquished Creatures
  Grinder (D:3)
  A sky beast (D:5)
  An ogre (D:5)
  A black bear (D:4)
  A centaur (D:6)
  A kobold brigand (D:7)
  2 bullfrogs
  2 scorpions
  A howler monkey (D:6)
  3 hounds
  Jessica (D:3)
  3 orc wizards (D:5)
  Natasha (thrice) (D:3)
  2 iguanas
  8 adders
  An ufetubus (D:5)
  3 worms
  3 dart slugs
  6 orcs
  4 endoplasms
  4 giant cockroaches
  8 goblins
  4 hobgoblins
  4 jackals (D:1)
  5 quokkas
  10 ball pythons
  4 bats
  5 frilled lizards
  15 kobolds
  5 rats
112 creatures vanquished.

Notes
Turn   | Place    | Note
-------+----------+-------------------------------------------
     0 | D:1      | rabbitsville the Troll Gladiator began the quest for the
                  | Orb.
     0 | D:1      | Reached XP level 1. HP: 19/19 MP: 0/0
   147 | D:1      | Reached XP level 2. HP: 26/28 MP: 1/1
   379 | D:1      | Found a faded altar of an unknown god.
  1029 | D:2      | Reached XP level 3. HP: 31/35 MP: 2/2
  1284 | D:2      | Identified the +3 falchion of Ofin {speed, Fragile rElec
                  | rPois rN+}
  1702 | D:3      | Noticed Natasha
  1711 | D:3      | Killed Natasha
  1712 | D:3      | Reached XP level 4. HP: 30/42 MP: 3/3
  1763 | D:3      | Reached skill level 4 in Unarmed Combat
  1812 | D:3      | Noticed Natasha
  1817 | D:3      | Killed Natasha
  1818 | D:3      | Reached XP level 5. HP: 38/50 MP: 4/4
  1900 | D:3      | Noticed Jessica
  1906 | D:3      | Killed Jessica
  1920 | D:3      | Noticed Grinder
  1926 | D:3      | Paralysed by Grinder for 6 turns
  1935 | D:3      | Killed Grinder
  1936 | D:3      | Reached skill level 5 in Unarmed Combat
  1936 | D:3      | Reached XP level 6. HP: 55/59 MP: 5/5
  2023 | D:3      | Noticed Natasha
  2029 | D:3      | Killed Natasha
  2301 | D:4      | Found a sacrificial altar of Ru.
  2512 | D:4      | Found a shadowy altar of Dithmenos.
  2541 | D:4      | Became a worshipper of Dithmenos the Shadowed
  2684 | D:5      | Entered Level 5 of the Dungeon
  2690 | D:5      | Reached XP level 7. HP: 66/67 MP: 6/6
  2994 | D:5      | Reached skill level 5 in Throwing
  3069 | D:5      | Reached skill level 6 in Unarmed Combat
  3170 | D:5      | Identified the amulet of the Turtle {RegenMP rF+ rC- Dex+2}
  3627 | D:5      | Found a glowing silver altar of Zin.
  3627 | D:5      | Noticed an angel
  3693 | D:6      | Found a staircase to the Ecumenical Temple.
  3739 | D:6      | Found a radiant altar of Vehumet.
  3746 | D:6      | Reached XP level 8. HP: 78/78 MP: 7/7
  3842 | D:6      | Found an iron altar of Okawaru.
  4346 | Temple   | Entered the Ecumenical Temple
  4384 | D:7      | Reached skill level 7 in Unarmed Combat
  4442 | D:7      | Slain by a wight

Illustrated notes

Levels and vault maps discovered:
D:1:      lemuel_arrival_behind_the_door_large, layout_basic,
          nicolae_ecumenical_lake_church, hangedman_decor_peaks_small
D:2:      layout_basic, serial_park_tiny_pond, minmay_misc_feat_five
D:3:      layout_rooms, uniq_grinder, uniq_natasha, uniq_jessica
D:4:      layout_rooms, nicolae_overflow_hidden_temple,
          grunt_dithmenos_smoke_and_mirrors
D:5:      layout_loops_corners, zin_angel
D:6:      layout_loops_ring, kennysheep_okawaru_gauntlet, vehumet_crystals,
          minmay_temple_entry_stoned_glass
D:7:      layout_gridville, hangedman_minor_gate_pass
Temple:   nicolae_temple_no_exploring_needed

Skill      XL: |  1  2  3  4  5  6  7  8 |
---------------+-------------------------+-----
Throwing       | 2 3 4 5 6 |  6.2
Fighting       | 2 3 4 |  4.1
Unarmed Combat | 4 5 6 7 |  7.2
Dodging        | |  2.4

Action                   |  1- 3 |  4- 6 |  7- 9 || total
-------------------------+-------+-------+-------++-------
Melee: Unarmed           |   133 |    63 |    74 ||   270
       Punch             |     2 |     1 |     2 ||     5
Throw: Boomerang         |    10 |    36 |    30 ||    76
       Large rock        |       |       |     3 ||     3
 Stab: Sleeping          |     2 |     1 |     1 ||     4
Armor: Robe              |    41 |    19 |    17 ||    77
Dodge: Dodged            |    78 |    26 |    35 ||   139
Block: Other             |       |       |     6 ||     6
       Reflection        |       |       |     1 ||     1

Table legend: (Time is in decaauts)
 A = Elapsed time spent in this place.
 B = Non-inter-level travel time spent in this place.
 C = Inter-level travel time spent in this place.
 D = Time resting spent in this place.
 E = Time spent auto-exploring this place.
 F = Levels seen in this place.
 G = Mean time per level.
                   A        B        C        D        E       F      G
               +--------+--------+--------+--------+--------+-----+--------+
         Total |   4431 |   4240 |    191 |      0 |   2114 |   8 |  553.9 |
       Dungeon |   4427 |   4236 |    191 |      0 |   2114 |   7 |  632.4 |
        Temple |      3 |      3 |      0 |      0 |      0 |   1 |    3.0 |
               +--------+--------+--------+--------+--------+-----+--------+

Top non-repeatable levels by time:
     D:1: 1000 daAuts
     D:5: 999 daAuts
     D:2: 692 daAuts
     D:6: 665 daAuts
     D:4: 503 daAuts
     D:3: 484 daAuts
     D:7: 82 daAuts
  Temple: 3 daAuts
